 Dungeon Crawl Stone Soup version 0.25.0-1-g7eea58d (webtiles) character file.

Game seed: 12227606251075854285

297343 ratboy the Warrior (level 20, -5/193 HPs)
             Began as a Red Draconian Conjurer on June 13, 2020.
             Was the Champion of Vehumet.
             Splashed by a caustic shrike's acid (9 damage)
             ... on level 2 of the Depths on June 14, 2020.
             The game lasted 04:48:07 (81599 turns).

ratboy the Warrior (Red Draconian Conjurer)        Turns: 81599, Time: 04:48:07

Health: -5/193     AC: 12    Str: 16    XL:     20   Next: 44%
Magic:  39/57      EV: 18    Int: 23    God:    Vehumet [******]
Gold:   1288       SH:  5    Dex: 11    Spells: 6/49 levels left

rFire    + . .     SeeInvis .   b - +9 sword of Zonguldrok {reap}
rCold    + . .     Gourm    .   L - +1 buckler {rC+}
rNeg     . . .     Faith    .   (armour unavailable)
rPois    .         Spirit   .   Z - +2 hat
rElec    .         Reflect  .   n - +1 cloak
rCorr    .         Harm     .   p - +2 pair of gloves {Str+3}
MR       +++..                  O - +2 pair of boots {run}
Stlth    ++........             G - amulet "Saled" {Acrobat MP+9}
HPRegen  0.42/turn              z - ring of Koucimo {MR+ MP+9}
MPRegen  0.35/turn              f - ring of protection from magic

@: short of breath, corroded, quick
A: breathe fire, unfitting armour, fire resistance 1, cold-blooded, AC +10
}: 1/15 runes: decaying
a: Breathe Fire, Renounce Religion


You were on level 2 of the Depths.
You worshipped Vehumet.
Vehumet was exalted by your worship.
You were near starving.

You visited 9 branches of the dungeon, and saw 39 of its levels.
You also visited: Gauntlet and Volcano.

You collected 4181 gold pieces.
You spent 2893 gold pieces at shops.

Inventory:

Hand Weapons
 b - the +9 sword of Zonguldrok (weapon) {reap}
   (You found it on level 6 of the Dungeon)

   If a monster killed with it leaves a corpse in good enough shape, the corpse
   will be animated as a zombie friendly to the killer.
 w - a +3 dagger of venom
Missiles
 v - 10 silver javelins (quivered)
 P - 14 curare-tipped darts
Armour
 n - a +1 cloak (worn)
 p - a +2 pair of gloves of strength (worn)
 L - a +1 buckler of cold resistance (worn)
 O - a +2 pair of boots of running (worn)
 Z - a +2 hat (worn)
Magical Staves
 a - an uncursed staff of conjuration
 x - an uncursed staff of air
Jewellery
 f - a ring of protection from magic (right hand)
 j - an uncursed ring of see invisible
 k - an uncursed ring of poison resistance
 z - the ring of Koucimo (left hand) {MR+ MP+9}
   (You bought it in a shop on level 2 of the Orcish Mines)

   [ring of magical power]

   It affects your resistance to hostile enchantments.
   It affects your magic capacity (+9).
 G - the amulet "Saled" (around neck) {Acrobat MP+9}
   (You found it on level 7 of the Dungeon)

   [amulet of the acrobat]

   It helps you evade while moving and waiting.
   It affects your magic capacity (+9).
 M - the ring of Usumyp Tami {Fire rN+ Str-5 Stlth+}
   (You found it on level 7 of the Dungeon)

   [ring of fire]

   It enhances your fire magic.
   It affects your strength (-5).
   It protects you from fire.
   It makes you vulnerable to cold.
   It protects you from negative energy.
   It makes you more stealthy.
 N - the ring of Youthful Indiscretion {rC+ rN++ Str+5}
   (You bought it in a shop on level 2 of the Orcish Mines)

   [ring of protection from cold]

   It affects your strength (+5).
   It protects you from cold.
   It greatly protects you from negative energy.
 Q - an uncursed ring of resist corrosion
Wands
 m - a wand of paralysis (16)
 t - a wand of clouds (3)
 y - a wand of iceblast (6)
 B - a wand of enslavement (6)
 V - a wand of acid (16)
 Y - a wand of digging (29)
Scrolls
 c - 11 scrolls of teleportation
 d - a scroll of summoning
 g - 12 scrolls of remove curse
 q - 6 scrolls of immolation
 s - 2 scrolls of blinking
 u - 4 scrolls of identify
 E - 5 scrolls of fog
 R - 2 scrolls of magic mapping
 T - 2 scrolls of silence
 W - 5 scrolls of fear
Potions
 i - 10 potions of curing
 l - 3 potions of berserk rage
 o - 5 potions of magic
 r - 3 potions of flight
 A - 5 potions of might
 C - 3 potions of brilliance
 H - 8 potions of resistance
 I - 3 potions of haste
 K - 4 potions of ambrosia
 U - a potion of cancellation
 X - 5 potions of invisibility
Miscellaneous
 e - a phial of floods
 h - 2 boxes of beasts
 F - a tin of tremorstones (3/3)
 J - a phantom mirror
 S - a lightning rod (4/4)
Comestibles
 D - 35 rations


   Skills:
 + Level 19.9 Fighting
 * Level 9.0 Long Blades
 + Level 11.6 Dodging
 - Level 1.7 Stealth
 - Level 4.0 Shields
 - Level 15.0 Spellcasting
 - Level 18.0 Conjurations
 - Level 6.0 Hexes
 - Level 6.0 Translocations
 - Level 3.0 Transmutations
 * Level 9.7 Fire Magic
 - Level 3.0 Earth Magic
 - Level 4.0 Poison Magic
 - Level 8.0 Evocations


You had 6 spell levels left.
You knew the following spells:

 Your Spells              Type           Power        Failure   Level  Hunger
a - Magic Dart            Conj           ####         0%          1    None
b - Searing Ray           Conj           ######       0%          2    None
c - Fulminant Prism       Conj/Hex       ######....   1%          4    None
d - Olgreb's Toxic Radia  Pois           #####...     1%          4    None
e - Frozen Ramparts       Ice            ###...       2%          3    None
f - Passwall              Tmut/Erth      ####....     1%          2    None
g - Passage of Golubria   Tloc           N/A          2%          4    None
h - Irradiate             Conj/Tmut      ######....   1%          5    ##.....
i - Ignite Poison         Fire/Tmut/Pois #####...     1%          3    None
j - Orb of Destruction    Conj           #######...   1%          7    ######.
k - Ignition              Fire           ######....   67%         8    #######

Your spell library contained the following spells:

 Spells                   Type           Power        Failure   Level  Hunger
 Chain Lightning          Conj/Air       ######....   77%         8    #######
 Shatter                  Erth           ####......   100%        9    #######
 Freeze                   Ice            ###.         1%          1    None
 Sting                    Tmut/Pois      ####         1%          1    None
 Conjure Flame            Conj/Fire      ######..     1%          3    None
 Dazzling Flash           Conj/Hex       ######       1%          3    None
 Mephitic Cloud           Conj/Pois/Air  ######..     1%          3    None
 Hailstorm                Conj/Ice       ######..     1%          4    None
 Iskenderun's Mystic Bla  Conj/Tloc      ######..     1%          4    None
 Poisonous Vapours        Pois/Air       ####..       2%          2    None
 Recall                   Summ/Tloc      N/A          3%          3    None
 Swiftness                Chrm/Air       ###.....     4%          2    None
 Lee's Rapid Deconstruct  Erth           ####......   7%          5    ##.....
 Ozocubu's Armour         Chrm/Ice       ###.....     10%         3    None
 Freezing Cloud           Conj/Ice/Air   #####.....   12%         6    #####..
 Animate Dead             Necr           N/A          32%         4    None
 Summon Ice Beast         Ice/Summ       ###.....     32%         4    None
 Darkness                 Hex            #####.....   41%         6    #####..
 Invisibility             Hex            #####...     41%         6    #####..
 Borgnjor's Vile Clutch   Necr/Erth      ###.......   45%         5    ##.....
 Death Channel            Necr           ###.......   99%         6    #####..
 Simulacrum               Ice/Necr       ###.......   99%         6    #####..
 Ring of Flames           Chrm/Fire      #####.....   98%         7    ######.


Dungeon Overview and Level Annotations

Branches:
Dungeon (15/15)            Temple (1/1) D:7            Lair (6/6) D:8
  Swamp (4/4) Lair:4        Snake (4/4) Lair:3        Slime (0/5) Lair:5
    Orc (2/2) D:9             Elf (0/3) Orc:2        Vaults (4/5) D:13
  Crypt (1/3) Vaults:3     Depths (2/5) D:15        Volcano (visited)
Gauntlet (visited)

Altars:
Ashenzari
Cheibriados
Dithmenos
Elyvilon
Fedhas
Gozag
Hepliaklqana
Kikubaaqudgha
Makhleb
Nemelex Xobeh
Okawaru
Qazlal
Ru
Sif Muna
Trog
Uskayaw
Vehumet
Wu Jian
Xom
Yredelemnul
Zin
The Shining One
Beogh
Jiyva

Shops:
D:6 =   D:13 (   D:15 =((   Orc:2 (*[=   Vaults:3 *(*

Portals:
Hell: Lair:6 Depths:1
Pandemonium: Depths:1

Annotations:
Swamp:1 Zenkrye's ghost, adept HOFi
Snake:4 exclusion: 2 doors, Roxanne; Vashnia
Orc:1 2 runed translucent doors, exclusion: orange crystal statue
Orc:2 2 transporters, RighteousDevil's ghost, journeyman GrFi
Depths:1 exclusions: 3 doors and obsidian statue


Innate Abilities, Weirdness & Mutations

You can breathe blasts of fire.
Your fiery red scales are hard. (AC +10)
You cannot fit into any form of body armour.
Your flesh is heat resistant. (rF+)
You are cold-blooded and may be slowed by cold attacks.


Message History

Confirm with . or Enter, or press ? or * to list all spells.
You ignite the poison in your surroundings!
The caustic shrike seems to burn from within!
The caustic shrike is severely wounded.
The caustic shrike is poisoned.
Your toxic aura wanes.
The caustic shrike is engulfed in blazing flames.
The caustic shrike barely misses you.
The caustic shrike is engulfed in blazing flames.
You block the caustic shrike's attack.
Casting: Ignite Poison (safe; 1% risk of failure)
Confirm with . or Enter, or press ? or * to list all spells.
You ignite the poison in your surroundings!
The caustic shrike seems to burn from within!
The caustic shrike is almost dead.
The caustic shrike is engulfed in blazing flames.
You block the caustic shrike's attack. The caustic shrike claws you!!!
* * * LOW HITPOINT WARNING * * *
You are splashed with acid!
You die...

...+........+..#.# .
..#........##.#.#
..##.##.......##.#.# #
..................>#.#
............(.#..#.#.####
.......b....)....#.#.....
?.......####.........#####
.###...#######.......(...
........bd.....[##.#######
.#.###.###.###..#..#<..#
..........#..#......#
#.###.###.#..######## ...
... #........... #.# #.#
#.#..####### .. ...
...#..# #.# #.#.#..# ..
...#....#


You could see a caustic shrike.

Vanquished Creatures
  Saint Roka (Orc:2)
  Frances (Snake:1)
  2 thorn hunters (Swamp:3)
  2 sphinxes
  Agnes (Lair:3)
  Gastronok (D:10)
  2 storm dragons
  A tengu reaver (Depths:2)
  Kirke (Snake:1)
  4 frost giants
  A ghost moth (shapeshifter) (Vaults:3)
  Aizul (Snake:1)
  8 vault wardens
  A spriggan defender (Depths:2)
  An orc warlord (Vaults:2)
  A ghoul (Vaults:3)
  12 ironheart preservers
  6 stone giants
  4 very ugly things
  Azrael (D:15)
  2 dire elephants (Lair:6)
  A minotaur (Gauntlet)
  Snorg (Lair:5)
  2 deep elf death magi (Vaults:3)
  5 ettins
  A fire dragon (D:15)
  7 ogre magi
  9 yaktaur captains
  2 great orbs of eyes
  9 vault guards
  3 rakshasas
  5 ice dragons
  25 hydras
  A catoblepas (D:8)
  2 hell beasts
  10 naga warriors
  A spriggan air mage (Depths:2)
  A ghost crab (Swamp:3)
  2 anacondas (Snake:2)
  4 centaur warriors
  3 death knights
  A shambling mangrove (Swamp:3)
  27 two-headed ogres
  2 deep troll shamans
  6 death yaks
  5 tengu warriors (D:15)
  8 alligators
  An orc high priest (Orc:2)
  3 deep troll earth magi
  Urug (D:13)
  8 naga sharpshooters
  A spriggan berserker (Swamp:4)
  A shock serpent (shapeshifter) (Vaults:3)
  6 shock serpents
  Nergalle (Orc:2)
  2 sun demons (D:15)
  5 deep elf knights
  A soul eater (D:15)
  A salamander mystic (Snake:2)
  2 iron trolls (D:15)
  A sixfirhy (Lair:6)
  A spriggan druid (Swamp:2)
  A fire crab (Lair:6)
  2 skeletal warriors
  3 shadow wraiths
  4 unseen horrors
  14 deep trolls
  2 hell knights
  3 wizards
  3 flayed ghosts
  2 naga ritualists
  6 deep elf archers
  11 ironbrand convokers
  12 swamp dragons
  4 phantasmal warriors
  A wolf spider zombie (D:13)
  4 orc sorcerers
  4 mana vipers
  22 orc knights
  An orb spider (shapeshifter) (Vaults:1)
  3 necromancers
  8 deep elf magi
  6 wolf spiders
  8 harpies
  12 ugly things
  5 salamanders
  A shining eye (shapeshifter) (D:15)
  3 manticores
  A cyclops (shapeshifter) (D:15)
  11 cyclopes
  A black mamba (shapeshifter) (D:14)
  4 centaur zombies
  An ice statue (Lair:5)
  6 naga magi
  Joseph (D:7)
  17 black mambas
  9 elephants
  6 guardian serpents
  17 spiny frogs
  10 vault sentinels
  4 gargoyles
  2 torpor snails
  6 centaur skeletons
  Maggie (D:6)
  7 orange demons
  A spiny frog (shapeshifter) (Vaults:4)
  3 efreet
  33 yaktaurs
  3 ice devils
  3 komodo dragons
  3 rime drakes
  8 freezing wraiths
  2 human skeletons (Vaults:3)
  A tengu conjurer (D:13)
  A yaktaur (shapeshifter) (Vaults:2)
  13 trolls
  A hellwing (Lair:6)
  3 polar bears (Lair:5)
  A meliai (D:15)
  10 tyrant leeches
  11 hornets
  A tengu simulacrum (Vaults:3)
  23 blink frogs
  A sphinx simulacrum (Vaults:3)
  8 bog bodies
  32 slime creatures
  Prince Ribbit (D:6)
  7 hippogriffs
  2 redbacks (shapeshifter)
  Sigmund (D:5)
  3 spriggans
  2 shadows
  Eustachio (D:6)
  5 hogs (Snake:1)
  A wyvern (D:15)
  A spectral komodo dragon (Gauntlet)
  A human (shapeshifter) (Vaults:1)
  55 yaks
  2 basilisks
  2 fire elementals
  A hog (shapeshifter) (D:15)
  2 wraiths
  13 vampire mosquitoes
  A spectral spiny frog (Swamp:1)
  4 hungry ghosts
  10 insubstantial wisps
  10 wargs
  26 nagas
  11 hell hounds
  15 swamp worms
  An acid dragon (D:15)
  9 water moccasins
  A porcupine (Lair:4)
  4 floating eyes (D:15)
  56 orc warriors
  15 swamp drakes
  A black bear (D:7)
  4 phantoms
  4 sky beasts
  10 ice beasts
  29 ogres
  7 wolves
  17 centaurs
  14 crocodiles
  A big kobold (D:9)
  18 bullfrogs
  3 gnoll sergeants (D:6)
  2 spiny frog simulacra (Swamp:1)
  2 wyvern zombies
  3 earth elementals (Volcano)
  A wyvern skeleton (D:13)
  5 scorpions
  4 killer bees (D:12)
  A water moccasin skeleton (D:7)
  A swamp dragon simulacrum (Swamp:1)
  8 wights
  6 howler monkeys
  16 crimson imps
  A bullfrog zombie (D:10)
  Crazy Yiuf (D:3)
  7 jellies
  27 orc priests
  4 hounds
  4 bullfrog skeletons
  2 iguanas
  38 orc wizards
  11 worker ants
  2 spectral swamp drakes (Swamp:1)
  A hound skeleton (D:11)
  9 adders
  A hound simulacrum (D:9)
  8 shadow imps
  6 white imps
  An ufetubus (D:9)
  5 oozes (D:8)
  2 swamp drake simulacra (Swamp:1)
  2 adder skeletons
  2 worms
  3 dart slugs
  8 leopard geckos
  111 orcs
  5 giant cockroaches
  9 goblins
  8 hobgoblins
  15 jackals
  2 quokkas (D:7)
  A ball python (D:7)
  7 bats
  4 frilled lizards
  15 kobolds
  A leopard gecko skeleton (D:6)
  A quokka skeleton (D:8)
  A quokka zombie (D:7)
  5 rats
  A plant (Lair:5)
1394 creatures vanquished.

Vanquished Creatures (collateral kills)
  An ironheart preserver (Vaults:2)
  A very ugly thing (Vaults:3)
  2 alligators (Swamp:1)
  2 two-headed ogres
  A deep troll (Vaults:2)
  2 swamp dragons (Swamp:1)
  An orc knight (Vaults:1)
  3 harpies (Vaults:2)
  An orc sorcerer (Orc:2)
  A human skeleton (Vaults:3)
  A frost giant skeleton (Vaults:3)
  2 black mambas
  A gargoyle (D:15)
  A komodo dragon (Lair:3)
  2 slime creatures (Swamp:1)
  A blink frog (Lair:2)
  A hippogriff (Lair:6)
  3 wraiths
  3 yaks
  An insubstantial wisp (Swamp:1)
  A naga (Snake:2)
  4 swamp worms
  2 swamp drakes
  A water moccasin (Lair:6)
  4 orc warriors
  An ice beast (Lair:5)
  An ogre (Vaults:2)
  A black bear (D:12)
  2 killer bees (D:12)
  2 orc priests (Orc:2)
  A jelly (D:6)
  An orc wizard (Orc:2)
  An adder (D:12)
  6 orcs
  A fungus (Lair:6)
60 creatures vanquished.

Vanquished Creatures (others)
  A howler monkey (D:6)
  301 fulminant prisms
  13 fungi
  6 plants
321 creatures vanquished.

Grand Total: 1775 creatures vanquished

Notes
Turn   | Place    | Note
-------+----------+-------------------------------------------
     0 | D:1      | ratboy the Draconian Conjurer began the quest for the Orb.
     0 | D:1      | Reached XP level 1. HP: 14/14 MP: 3/3
     0 | D:1      | Noticed a felid
     1 | D:1      | Noticed a draconian
     6 | D:1      | Noticed a felid
     7 | D:1      | Noticed an ogre
     8 | D:1      | Noticed a draconian
    10 | D:1      | Noticed a draconian
    10 | D:1      | Noticed a centaur
    12 | D:1      | Noticed a minotaur
    12 | D:1      | Noticed a spriggan
    14 | D:1      | Noticed a vine stalker
    16 | D:1      | Noticed a spriggan
    16 | D:1      | Noticed an elf
    16 | D:1      | Noticed a spriggan
    18 | D:1      | Noticed a human
    20 | D:1      | Noticed a felid
   254 | D:1      | Reached XP level 2. HP: 22/22 MP: 0/5
   259 | D:1      | Reached skill level 1 in Fighting
  1169 | D:1      | Learned a level 2 spell: Searing Ray
  1425 | D:2      | Reached XP level 3. HP: 29/29 MP: 1/6
  1550 | D:2      | Reached skill level 2 in Fighting
  2108 | D:2      | Reached XP level 4. HP: 36/36 MP: 5/8
  2767 | D:3      | Found a white marble altar of Elyvilon.
  3327 | D:3      | Reached XP level 5. HP: 35/44 MP: 6/9
  3500 | D:3      | Found a runed translucent door.
  3501 | D:3      | Noticed Crazy Yiuf
  3776 | D:3      | Found a shimmering blue altar of Sif Muna.
  3916 | D:3      | Learned a level 4 spell: Fulminant Prism
  4080 | D:3      | Reached skill level 3 in Fighting
  4196 | D:4      | Reached skill level 5 in Conjurations
  4417 | D:4      | Noticed an ogre
  4421 | D:4      | Killed an ogre
  4421 | D:4      | Reached skill level 1 in Hexes
  4421 | D:4      | Reached XP level 6. HP: 51/51 MP: 3/11
  4970 | D:5      | Entered Level 5 of the Dungeon
  4970 | D:5      | Noticed a sky beast
  5005 | D:5      | Killed a sky beast
  5316 | D:5      | Reached skill level 4 in Fighting
  5473 | D:5      | Found an iron altar of Okawaru.
  5647 | D:5      | Your scales start taking on a fiery red colour.
  5647 | D:5      | Reached XP level 7. HP: 59/59 MP: 5/13
  5647 | D:5      | Gained mutation: Your flesh is heat resistant. (rF+) [Red
                  | Draconian growth]
  5943 | D:5      | Found a shattered altar of Ashenzari.
  6127 | D:5      | Found a basalt altar of Yredelemnul.
  6138 | D:5      | Noticed Sigmund
  6356 | D:5      | Killed Sigmund
  6496 | D:5      | Found a snail-covered altar of Cheibriados.
  6496 | D:5      | Found a radiant altar of Vehumet.
  6496 | D:5      | Found a burning altar of Makhleb.
  6507 | D:5      | Found a sparkling altar of Nemelex Xobeh.
  6511 | D:5      | Found an ornate altar of the Wu Jian Council.
  6522 | D:5      | Became a worshipper of Vehumet
  6614 | D:6      | Noticed Prince Ribbit
  6627 | D:6      | Killed Prince Ribbit
  6627 | D:6      | Reached skill level 5 in Fighting
  6627 | D:6      | Reached XP level 8. HP: 68/68 MP: 0/15
  6647 | D:6      | Noticed Maggie
  6664 | D:6      | Killed Maggie
  6664 | D:6      | Reached skill level 6 in Fighting
  6664 | D:6      | Reached skill level 5 in Spellcasting
  6766 | D:6      | Noticed Eustachio
  7025 | D:6      | Found Couggeo's Jewellery Shoppe.
  7354 | D:6      | Killed Eustachio
  7652 | D:6      | Reached XP level 9. HP: 58/78 MP: 6/17
  7658 | D:6      | Found the +9 sword of Zonguldrok {reap}
  7897 | D:6      | Reached skill level 7 in Fighting
  8064 | D:6      | Found a shimmering altar of Xom.
  8406 | D:6      | Reached skill level 5 in Hexes
  8538 | D:7      | Reached * piety under Vehumet
  8538 | D:7      | Offered knowledge of Freeze by Vehumet.
  8693 | D:7      | Found a shadowy altar of Dithmenos.
  8734 | D:7      | Reached skill level 1 in Evocations
  8961 | D:7      | Noticed a two-headed ogre
  9082 | D:7      | Noticed a troll
  9083 | D:7      | Noticed a troll
  9088 | D:7      | Noticed a cyclops
  9089 | D:7      | good god
  9093 | D:7      | luck
  9166 | D:7      | Killed a troll
  9312 | D:7      | Found a burning altar of Makhleb.
  9409 | D:7      | Noticed a purple ugly thing
  9410 | D:7      | wtf
  9447 | D:7      | Killed a purple ugly thing
  9447 | D:7      | Reached skill level 8 in Fighting
  9696 | D:7      | Got a pitted copper amulet
  9705 | D:7      | Got a pitted lead amulet
  9708 | D:7      | Got a twitching tin ring
  9730 | D:7      | Noticed a six-headed hydra
  9736 | D:7      | Killed a six-headed hydra
  9736 | D:7      | Reached XP level 10. HP: 75/90 MP: 17/20
  9831 | D:7      | Identified the ring of Usumyp Tami {Fire rN+ Str-5 Stlth+}
                  | (You found it on level 7 of the Dungeon)
  9836 | D:7      | Identified the amulet "Saled" {Acrobat MP+9} (You found it
                  | on level 7 of the Dungeon)
  9838 | D:7      | Identified the amulet of Fielud {Spirit *Drain Int+3 Dex+3}
                  | (You found it on level 7 of the Dungeon)
  9932 | D:7      | Killed a cyclops
 10296 | D:7      | Found a staircase to the Ecumenical Temple.
 10305 | Temple   | Entered the Ecumenical Temple
 10445 | D:7      | Killed a two-headed ogre
 10445 | D:7      | Reached skill level 9 in Fighting
 10471 | D:7      | Noticed Joseph
 10491 | D:7      | Identified the ring of Kocwes {rN+ Str+4 Dex+3 Stlth-}
 10656 | D:7      | Killed Joseph
 10656 | D:7      | Reached skill level 5 in Evocations
 11002 | D:3      | Killed Crazy Yiuf
 11418 | D:8      | Offered knowledge of Foxfire by Vehumet.
 11424 | D:8      | Reached ** piety under Vehumet
 11461 | D:8      | Noticed a catoblepas
 11949 | D:8      | Found a staircase to the Lair.
 12107 | D:8      | Killed a catoblepas
 12107 | D:8      | Reached XP level 11. HP: 44/97 MP: 2/23
 12108 | D:8      | should have used fire breath, forgot all about it!
 12907 | D:9      | Found a staircase to the Orcish Mines.
 12907 | D:9      | Noticed a two-headed ogre
 12915 | D:9      | Killed a two-headed ogre
 12915 | D:9      | Offered knowledge of Static Discharge by Vehumet.
 13137 | D:9      | Reached *** piety under Vehumet
 13467 | D:9      | Found a shimmering altar of Xom.
 13578 | D:9      | Reached skill level 10 in Fighting
 13671 | D:9      | Reached skill level 1 in Shields
 13743 | D:9      | Reached skill level 10 in Conjurations
 13927 | D:10     | Entered Level 10 of the Dungeon
 14036 | D:10     | Offered knowledge of Stone Arrow by Vehumet.
 14449 | D:10     | Noticed Gastronok
 14460 | D:10     | Killed Gastronok
 15130 | D:11     | Noticed a brown ugly thing
 15144 | D:11     | Killed a brown ugly thing
 15147 | D:11     | Reached skill level 5 in Dodging
 15250 | D:11     | Reached **** piety under Vehumet
 15392 | D:11     | Offered knowledge of Conjure Flame by Vehumet.
 15580 | D:11     | Noticed a two-headed ogre
 15587 | D:11     | Killed a two-headed ogre
 15587 | D:11     | Reached skill level 11 in Fighting
 15587 | D:11     | Reached XP level 12. HP: 61/110 MP: 24/24
 16769 | D:12     | Found a gate leading to a gauntlet.
 16785 | Gauntlet | Entered a Gauntlet
 16785 | Gauntlet | Found a transporter.
 16785 | Gauntlet | Found a transporter.
 16789 | Gauntlet | Found a transporter.
 16789 | Gauntlet | Found a transporter.
 16800 | Gauntlet | Found a transporter.
 16812 | Gauntlet | Found a transporter.
 16813 | Gauntlet | Found a large runed translucent door.
 16814 | Gauntlet | Found a large runed translucent door.
 16815 | Gauntlet | Found a large runed translucent door.
 16815 | Gauntlet | Found a large runed translucent door.
 16816 | Gauntlet | Found a runed translucent gate.
 16816 | Gauntlet | Found a large runed translucent door.
 16816 | Gauntlet | Found a large runed translucent door.
 16816 | Gauntlet | Found a runed translucent door.
 16817 | Gauntlet | Found a transporter.
 16817 | Gauntlet | Found a runed translucent gate.
 16817 | Gauntlet | Found a transporter.
 16817 | Gauntlet | Found a large runed translucent door.
 16817 | Gauntlet | Noticed a hell beast
 16818 | Gauntlet | Found a runed translucent gate.
 16818 | Gauntlet | Found a runed translucent door.
 16818 | Gauntlet | Found a large runed translucent door.
 16820 | Gauntlet | Found a transporter.
 16825 | Gauntlet | Found a large runed translucent door.
 16825 | Gauntlet | Found a large runed translucent door.
 16826 | Gauntlet | Found a large runed translucent door.
 16827 | Gauntlet | Found a large runed translucent door.
 16836 | Gauntlet | Found a large runed translucent door.
 16836 | Gauntlet | Found a large runed translucent door.
 16847 | Gauntlet | Found a transporter.
 16856 | Gauntlet | Found a transporter.
 16875 | Gauntlet | Noticed a death scarab
 16876 | Gauntlet | Found a transporter.
 16922 | Gauntlet | Found a transporter.
 16936 | Gauntlet | Found a transporter.
 17027 | Gauntlet | Noticed a queen ant
 17039 | Gauntlet | Found a transporter.
 17056 | Gauntlet | Found a transporter.
 17071 | Gauntlet | Found a large runed translucent door.
 17071 | Gauntlet | Found a large runed translucent door.
 17673 | Gauntlet | Got a buzzing cloak
 18049 | Gauntlet | Identified the -6 cloak of the Sun {+Inv rC- rN++} (You
                  | found it in a Gauntlet)
 18104 | Gauntlet | Killed a hell beast
 18403 | Gauntlet | Identified a +1 pair of boots of running (You found it in a
                  | Gauntlet)
 18430 | Gauntlet | Noticed a minotaur
 18442 | Gauntlet | Killed a minotaur
 18442 | Gauntlet | Reached skill level 12 in Fighting
 20124 | Lair:1   | Entered Level 1 of the Lair of Beasts
 20836 | Lair:1   | Noticed a four-headed hydra
 20844 | Lair:1   | Killed a five-headed hydra
 21249 | Lair:2   | You fall into a shaft and drop 2 floors!
 21377 | Lair:3   | Reached XP level 13. HP: 95/119 MP: 25/25
 22215 | Lair:2   | Reached ***** piety under Vehumet
 22779 | Lair:3   | Learned a level 4 spell: Hailstorm
 22808 | Lair:3   | Learned a level 3 spell: Frozen Ramparts
 23115 | Lair:3   | Found a staircase to the Snake Pit.
 23153 | Lair:3   | Reached skill level 13 in Fighting
 23250 | Lair:3   | Offered knowledge of Airstrike by Vehumet.
 23636 | Lair:4   | Paralysed by a hornet for 1 turns
 23651 | Lair:4   | Found a staircase to the Swamp.
 25132 | Lair:5   | Found a dark tunnel.
 25152 | Volcano  | Entered a volcano
 25595 | Volcano  | Noticed a stone giant
 25625 | Volcano  | Killed a stone giant
 26243 | Lair:5   | Found a staircase to the Slime Pits.
 26244 | Lair:5   | Found a viscous altar of Jiyva.
 26348 | Lair:5   | Reached XP level 14. HP: 30/129 MP: 16/27
 26840 | Lair:5   | Noticed Snorg
 26847 | Lair:5   | Killed Snorg
 27498 | Lair:6   | Entered Level 6 of the Lair of Beasts
 27555 | Lair:5   | Offered knowledge of Olgreb's Toxic Radiance by Vehumet.
 28854 | Lair:6   | Reached skill level 14 in Fighting
 28992 | Lair:6   | Reached skill level 10 in Spellcasting
 30415 | Lair:6   | Found a burning altar of Makhleb.
 30684 | Lair:6   | Found a gateway to Hell.
 30705 | Lair:6   | Learned a level 4 spell: Olgreb's Toxic Radiance
 31286 | D:13     | Reached skill level 1 in Poison Magic
 31626 | D:13     | Found Zezahoeb's Antique Weapon Emporium.
 32306 | D:13     | Noticed Urug
 32416 | D:13     | Killed Urug
 32927 | D:13     | Reached XP level 15. HP: 92/139 MP: 29/29
 33070 | D:13     | Learned a level 2 spell: Passwall
 33080 | D:13     | Found a gate to the Vaults.
 33304 | D:14     | Offered knowledge of Yara's Violent Unravelling by Vehumet.
 33367 | D:14     | Reached skill level 1 in Transmutations
 33723 | D:14     | Reached skill level 1 in Earth Magic
 34040 | D:14     | Found a blossoming altar of Fedhas.
 34482 | D:15     | Entered Level 15 of the Dungeon
 34711 | D:15     | Found Coig's Weapon Emporium.
 34734 | D:15     | Bought 6 curare-tipped darts for 50 gold pieces
 35329 | D:15     | Paralysed by a floating eye for 3 turns
 35645 | D:15     | Found Olinat's Jewellery Emporium.
 36059 | D:15     | Reached skill level 15 in Fighting
 36201 | D:15     | Got a clouded marble ring
 36204 | D:15     | Identified the ring of Attitude {*Tele rPois Str+3} (You
                  | found it on level 15 of the Dungeon)
 36498 | D:15     | Identified the +3 chain mail of Hobaunle {rC+ Int+2 Dex+2}
 36718 | D:15     | Reached skill level 10 in Dodging
 36725 | D:15     | Learned a level 4 spell: Passage of Golubria
 36869 | D:15     | Noticed a frost giant
 36876 | D:15     | Killed a frost giant
 36924 | D:15     | Reached skill level 1 in Translocations
 36925 | D:15     | Paralysed by a floating eye for 4 turns
 37377 | D:15     | Identified the ring of Syndicalism {Fire *Contam MR+ Str+4
                  | Slay+2}
 37819 | D:15     | Got a twitching bone ring
 37823 | D:15     | Identified the ring "Qupos" {+Fly Str+4} (You found it on
                  | level 15 of the Dungeon)
 37839 | D:15     | Found a staircase to the Depths.
 37960 | D:15     | Noticed Azrael
 37973 | D:15     | Offered knowledge of Irradiate by Vehumet.
 37985 | D:15     | Killed Azrael
 38358 | D:15     | Found Ituec's Weapon Emporium.
 38389 | D:15     | Learned a level 5 spell: Irradiate
 38393 | D:15     | Learned a level 3 spell: Ignite Poison
 38652 | D:6      | Bought an uncursed ring of protection from magic for 275
                  | gold pieces
 38717 | Orc:1    | Entered Level 1 of the Orcish Mines
 38734 | Orc:1    | Reached XP level 16. HP: 132/149 MP: 28/31
 38961 | Orc:1    | Found a runed translucent door.
 38968 | Orc:1    | Found the +10 tower shield of Ignorance {rN+ Int-4}
 38983 | Orc:1    | Found a runed translucent door.
 39203 | Orc:2    | Entered Level 2 of the Orcish Mines
 39211 | Orc:2    | Found a transporter.
 39218 | Orc:2    | Identified the +8 double sword "Goczut" {holy, rElec rPois}
 39219 | Orc:2    | Noticed RighteousDevil's ghost (journeyman GrFi)
 39219 | Orc:2    | Found a bloodstained altar of Trog.
 39636 | Orc:2    | Found a staircase to the Elven Halls.
 39733 | Orc:1    | Offered knowledge of Conjure Ball Lightning by Vehumet.
 39904 | Orc:2    | Found a transporter.
 40284 | Orc:2    | Noticed Saint Roka
 40332 | Orc:2    | Killed Saint Roka
 40699 | Orc:2    | Noticed Nergalle
 40700 | Orc:2    | Found a roughly hewn altar of Beogh.
 40709 | Orc:2    | Killed Nergalle
 40728 | Orc:2    | Found Iselunway's Antique Weapon Shop.
 40929 | Orc:2    | Found Otuashra's Antique Armour Shop.
 40945 | Orc:2    | Found Uranary's Jewellery Shop.
 40961 | Orc:2    | Found Arhuamei's General Store.
 41692 | Orc:2    | Bought a pair of embroidered gloves for 255 gold pieces
 41720 | Orc:2    | Bought the ring of Koucimo {MR+ MP+9} for 489 gold pieces
 41720 | Orc:2    | Bought the ring of Youthful Indiscretion {rC+ rN++ Str+5}
                  | for 795 gold pieces
 41741 | Orc:2    | Bought 2 potions of might for 120 gold pieces
 41942 | Swamp:1  | Entered Level 1 of the Swamp
 41984 | Swamp:1  | Found a runed translucent gate.
 42094 | Swamp:1  | Found a runed translucent gate.
 42094 | Swamp:1  | Found a runed translucent gate.
 42095 | Swamp:1  | Noticed Zenkrye's ghost (adept HOFi)
 42184 | Swamp:1  | Reached skill level 15 in Conjurations
 42207 | Swamp:1  | Reached skill level 16 in Fighting
 43239 | Swamp:1  | Reached skill level 5 in Translocations
 43601 | Swamp:1  | Offered knowledge of Orb of Destruction by Vehumet.
 43617 | Swamp:1  | Learned a level 7 spell: Orb of Destruction
 47366 | Swamp:4  | Entered Level 4 of the Swamp
 48724 | Swamp:4  | Reached XP level 17. HP: 151/160 MP: 33/33
 49422 | Swamp:4  | Offered knowledge of Lehudib's Crystal Spear by Vehumet.
 49886 | Swamp:3  | Reached skill level 17 in Fighting
 50773 | Swamp:4  | Got a decaying rune of Zot
 51141 | Snake:1  | Entered Level 1 of the Snake Pit
 51141 | Snake:1  | Noticed Agnes
 51183 | Lair:3   | Killed Agnes
 52002 | Snake:1  | Noticed Aizul
 52020 | Snake:1  | Killed Aizul
 52163 | Snake:1  | Noticed Frances
 52296 | Snake:1  | Killed Frances
 52420 | Snake:1  | Noticed Kirke
 52434 | Snake:1  | Killed Kirke
 59578 | Snake:3  | Reached XP level 18. HP: 148/171 MP: 36/36
 59847 | Snake:4  | Entered Level 4 of the Snake Pit
 59857 | Snake:3  | Reached skill level 18 in Fighting
 59918 | Snake:4  | Found the +7 great mace "Firestarter" {inner flame, rF++}
 59940 | Snake:4  | Noticed Vashnia
 60453 | Snake:4  | Noticed Roxanne
 60458 | Snake:3  | holy hell
 60947 | D:13     | Bought a masterwork mace for 264 gold pieces
 60947 | D:13     | Identified the +9 mace "Concordance" {flame, Fragile rElec
                  | rPois MP+9 Int+4} (You bought it in a shop on level 13 of
                  | the Dungeon)
 60948 | D:13     | oh fragile
 60993 | Vaults:1 | Entered Level 1 of the Vaults
 65276 | Vaults:2 | Reached ****** piety under Vehumet
 66688 | Vaults:2 | Reached skill level 15 in Spellcasting
 67196 | Vaults:2 | Reached skill level 19 in Fighting
 67231 | Vaults:2 | Reached skill level 1 in Long Blades
 68207 | Vaults:2 | Offered knowledge of Shatter by Vehumet.
 68207 | Vaults:2 | Offered knowledge of Chain Lightning by Vehumet.
 68207 | Vaults:2 | Offered knowledge of Ignition by Vehumet.
 68207 | Vaults:2 | Reached XP level 19. HP: 148/182 MP: 27/38
 69397 | Vaults:2 | Found a roughly hewn altar of Beogh.
 70083 | Vaults:3 | Learned a level 8 spell: Ignition
 70581 | Vaults:3 | Reached skill level 1 in Fire Magic
 72134 | Vaults:3 | Found a staircase to the Crypt.
 72134 | Vaults:3 | Found a basalt altar of Yredelemnul.
 72135 | Vaults:3 | Found an ancient bone altar of Kikubaaqudgha.
 72226 | Vaults:3 | Reached skill level 5 in Long Blades
 72427 | Vaults:3 | Found Zyiwkah's Assorted Antiques.
 72439 | Vaults:3 | Bought a scroll of teleportation for 90 gold pieces
 72439 | Vaults:3 | Bought a scroll of blinking for 225 gold pieces
 72439 | Vaults:3 | Bought a scroll of teleportation for 90 gold pieces
 73007 | Vaults:3 | Reached skill level 5 in Fire Magic
 73146 | Vaults:3 | Found Fiumiel's Antique Weapon Emporium.
 73253 | Vaults:3 | Found Pach's General Store.
 75711 | Vaults:4 | Reached XP level 20. HP: 98/193 MP: 39/39
 77627 | D:15     | Bought an uncursed ring of see invisible for 240 gold
                  | pieces
 77653 | Depths:1 | Entered Level 1 of the Depths
 79010 | Depths:1 | Found a one-way gate leading to the halls of Pandemonium.
 79847 | Crypt:1  | Entered Level 1 of the Crypt
 81589 | Depths:2 | Noticed a caustic shrike
 81599 | Depths:2 | HP: 4/193 [caustic shrike (36)]
 81599 | Depths:2 | Splashed by a caustic shrike's acid

Illustrated notes #.... ##..#..###.# #....##..###..##.. +........###...... . #.........#...#... .# ..#.............#... #..# #.......#########... #..###.....+........... #..###...#........... ##d.##.............. #T#..###..)...###### ###T###..###..).##.... ##.#.# #.##[###.[.#.... #.#C## #.#....###.).... #"#.# #.#......###.... ###.# #....##......... .# #.#......###.... ## #.#....###...... Turn 9089 on D:7: good god ######### #.......# ###.......# ....).....# ..........# .......d..# .......$..+ ..........# ..........# ## ........... #. ###......... #. #.........W +. #.........#. . #. .# ..#. Turn 9093 on D:7: luck ..#.............#.....##......#'# # #.......#########.....#.......... ..###.....+.............#.......... #..###...#.............#.......... ##T.##................#.......... #.#T.###..)...#########.......... ###T###..###..).##...........###### #.#C# #.##[###.[.#...........# .#.## #.#....###.d.u.........# #"#.# #.#......###.....##.##.# ###.# #....##..........#...#.# .# #.#......###.....#.⌠.#.+ ## #.#....###.......#...#.# #.##.###.......####.## #..###...#.....# .. .## ... #.....# # .. #.....+ Turn 9410 on D:7: wtf .......... .......... . #..........# .. ...........##. .. .... .§...... .... #.... #§...# ..... #....##.§..##..... ...>.....§.§...... #......d§§§§...... #........§§§...... #######....##..... ...##....######### ..........#.......# ..........#......# ..........#......## ..........#.......# ...........#.....# Turn 12108 on D:8: should have used fire breath, forgot all about it!

#......###...#.......#####..#
#......##..###.........##....
#.....##...# #.......##......
#....###...###.......####....
#.#..##.....##...>...# #....
##.##........###......####....
###..###.......###....##.##..###
##.................############ #
#......##......d...#######.# ####
#.......##................####...
##....(.##...>.#..........#.#....
##.....##....#...........#......
##..(.##...............###.....
##.).###.##...........##......
#..###.###...........##...^..
#### ### #.......#.####......
#.##..#..## #......


Turn 60458 on Snake:3: holy hell #...# ###...##### #.........# #.........#
###.........# #........#### #.#......# #........## #########.d.#.....#
#......##.........#### ##.........#..........##### #.......##................#
#.......##...>............# ##...8....###......#.......# #.........#
#.......<....### #........<###<...........# #.#.[...(..##.......[....## Turn
60948 on D:13: oh fragile

Levels and vault maps discovered:
D:1:      shiori_arrival_whats_in_store_for_you, layout_loops_corners,
          minmay_pentomino_z2
D:2:      layout_rooms, first_ration, minivault_27
D:3:      layout_loops_cross, led_sif_pool, elyvilon_altar_5,
          uniq_crazy_yiuf_cottage
D:4:      layout_loops_ring, nrook_mini_backslash
D:5:      layout_loops_cross, kennysheep_okawaru_gauntlet,
          nicolae_ashenzari_panopticon, kennysheep_mini, minitemple,
          uniq_sigmund
D:6:      minmay_chambers_of_sixes, layout_loops_ring, serial_shops, shop,
          basic_altar, sword_in_stone, uniq_maggie, uniq_prince_ribbit1
D:7:      minmay_the_grid_triangle_9x9_recursive_2
          [minmay_the_grid_triangle_9x9_prize_special,
          minmay_the_grid_triangle_9x9_wacky_v,
          minmay_the_grid_triangle_9x9_thin_v,
          minmay_the_grid_triangle_9x9_dagger], layout_gridville,
          nicolae_dithmenos_shadow_blocks, minmay_temple_entry_antechambers,
          basic_altar, uniq_joseph
D:8:      layout_gridville, lair_entry_dummy, hangedman_little_slice_of_home
D:9:      layout_roguey, overflow_temple_1_default, orc_0_dummy, serial_ice,
          serial_ice_n, serial_ice_d, serial_ice_e, serial_ice_f,
          kennysheep_generic_room_5
D:10:     layout_basic, st_stairs_8, uniq_gastronok
D:11:     layout_loops_ring
D:12:     layout_grid_maze, gauntlet_entry_generic
D:13:     layout_cross, grunt_vaults_entry_fortified, serial_column_ruins,
          column_ruins_hut, column_ruins_open_medium,
          column_ruins_columns_straight, column_ruins_corridor_corner,
          serial_shops, nicolae_shop_stone, uniq_urug
D:14:     layout_roguey, fedhas_altar_1
D:15:     hangedman_spin_cycle
Temple:   cyrus_temple_forest
Lair:1:   layout_cave_pods
Lair:2:   layout_roguey
Lair:3:   layout_long_grid, minmay_snake_entry_guardpost_small,
          serial_bayou_crossing
Lair:4:   layout_cellular_growth, swamp_mist
Lair:5:   beast_lair_carwin_large_4, layout_gridlike, slime_altar_1,
          enter_volcano_3, ice2_lemuel, uniq_snorg
Lair:6:   evil_forest, layout_regular_city, lemuel_fruit_tree
Swamp:1:  layout_basic_swamp, gammafunk_ghost_necromancy,
          hangedman_swamp_ruin_wall
Swamp:2:  layout_falls_marsh, serial_swamp_ruin, evilmike_swamp_ruin_rubble_1,
          evilmike_swamp_ruin_rubble_2, evilmike_swamp_ruin_house_5
Swamp:3:  layout_falls_marsh, nicolae_swamp_fairy_circle
Swamp:4:  swamp_basic_johnstein, layout_basic_swamp, swamp_pool2
Snake:1:  layout_gridlike, nrook_guardian_serpent_double, uniq_kirke,
          uniq_aizul, uniq_agnes, uniq_frances
Snake:2:  layout_honeycomb
Snake:3:  layout_chambers, st_stairs_5
Snake:4:  johnstein_snake_rune_scales, layout_onion, serial_shops, shop,
          serial_bayou_shore_a, uniq_donald, uniq_nikola, uniq_vashnia,
          uniq_roxanne
Orc:1:    layout_diamond_mine, chequers_guarded_unrand_ignorance
Orc:2:    grunt_orc_cross, layout_caves, gammafunk_ghost_wrathful_warriors,
          uniq_saint_roka
Vaults:1: hangedman_vaults_locks, v_rooms_5, hangedman_vaults_capsules,
          nicolae_vaults_circle_grid_a, dpeg_vaults_waves, v_alt_pattern_6,
          vaults_room_fours, nicolae_vaults_little_squares_4,
          layout_vaults_chaotic_city
Vaults:2: nicolae_vaults_twisting_passages, dpeg_vaults_monster_box,
          vaults_room_pool, ontoclasm_vaults_fault, special_room_vaults
          [special_room_orc], nicolae_vaults_ninety_degrees, vaults_room_fours,
          ontoclasm_vaults_ring_small, nicolae_vaults_ring_of_whatevers,
          ontoclasm_vaults_chip, vaults_room_fours, vaults_room_door_ring,
          layout_vaults_ring, uniq_margery
Vaults:3: nicolae_vaults_little_squares_1, ontoclasm_vaults_misaligned,
          nicolae_vaults_three_branches, v_misc_26,
          nicolae_vaults_border_crossing, nicolae_vaults_little_squares_2,
          vaults_room_hangedman_quadrants, nicolae_vaults_what_the_h,
          ontoclasm_vaults_chip, layout_vaults_quadrants,
          minmay_crypt_entry_necro_gods, serial_shops, nicolae_shop_waterfront,
          shop, shop
Vaults:4: nicolae_vaults_angled_halls, nicolae_vaults_rhombus_5,
          vaults_dpeg_spiral, nicolae_vaults_ring_of_whatevers,
          nicolae_vaults_quartermaster, hangedman_vaults_cutoff, v_misc_15,
          grunt_vaults_focal, nicolae_vaults_network_star,
          layout_vaults_maze_snakey
Crypt:1:  layout_misc_corridors
Depths:1: layout_cave_shapes, grunt_hell_entry_demonic_statue,
          rand_demon_pan_entry_7, nrook_campfire, kennysheep_generic_room_8
Depths:2: minmay_dotted_concentric_squares, layout_basic, enter_ziggurat_d,
          hell_entry, abyss_entry, hangedman_decor_peaks_small

Skill      XL: |  1  2  3  4  5  6  7  8  9 10 11 12 13 14 15 16 17 18 19 20 |
---------------+-------------------------------------------------------------+-----
Fighting       | 1 2 3 4 5 6 8 9 11 12 13 14 15 16 17 19 | 19.9
Spellcasting   | 3 4 5 7 8 9 10 11 12 14 15 | 15.0
Conjurations   | 5 6 7 8 9 10 12 13 14 15 16 17 18 | 18.0
Hexes          | 1 2 3 4 5 6 |  6.0
Evocations     | 3 5 6 7 8 |  8.0
Dodging        | 2 5 6 7 9 10 11 | 11.6
Shields        | 4 |  4.0
Poison Magic   | 2 4 |  4.0
Transmutations | 3 |  3.0
Earth Magic    | 3 |  3.0
Translocations | 3 6 |  6.0
Long Blades    | 2 7 9 |  9.0
Fire Magic     | 7 9 |  9.7
Stealth        | |  1.7

Action                   |  1- 3 |  4- 6 |  7- 9 | 10-12 | 13-15 | 16-18 | 19-21 || total
-------------------------+-------+-------+-------+-------+-------+-------+-------++-------
Melee: Short sword       |    45 |    97 |   102 |    82 |       |       |       ||   326
       Tailslap          |     6 |    11 |    13 |    40 |   112 |   140 |    61 ||   383
       Unarmed           |     3 |       |       |       |       |       |       ||     3
       Long sword        |       |       |       |    18 |       |       |       ||    18
       Double sword      |       |       |       |   212 |   581 |   802 |   279 ||  1874
       Dagger            |       |       |       |    39 |   148 |    14 |       ||   201
       Scimitar          |       |       |       |       |     2 |       |       ||     2
       Staff             |       |       |       |       |       |    89 |       ||    89
Throw: Javelin           |       |       |     5 |       |       |     1 |       ||     6
       Dart              |       |       |     8 |     4 |       |       |       ||    12
 Cast: Magic Dart        |    56 |   113 |   106 |    77 |    53 |    32 |     1 ||   438
       Searing Ray       |       |     3 |    21 |    35 |    15 |     8 |     3 ||    85
       Fulminant Prism   |       |     2 |    19 |    55 |   122 |    87 |    16 ||   301
       Frozen Ramparts   |       |       |       |       |    20 |     5 |     2 ||    27
       Hailstorm         |       |       |       |       |     1 |       |       ||     1
       Olgreb's Toxic Ra |       |       |       |       |    55 |   168 |   159 ||   382
       Irradiate         |       |       |       |       |       |    16 |       ||    16
       Orb of Destructio |       |       |       |       |       |     2 |    18 ||    20
       Passwall          |       |       |       |       |       |     1 |       ||     1
       Ignite Poison     |       |       |       |       |       |    71 |   172 ||   243
 Abil: Breathe Fire      |       |       |     2 |    32 |    82 |   171 |    57 ||   344
Evoke: Wand              |       |       |     6 |     8 |    10 |    13 |     2 ||    39
       Tin of tremorston |       |       |       |       |       |     2 |       ||     2
       Lightning rod     |       |       |       |       |       |     1 |       ||     1
  Use: Potion            |     1 |       |       |     2 |     4 |     7 |       ||    14
       Scroll            |       |       |     1 |    10 |    21 |    23 |     6 ||    61
 Stab: Sleeping          |       |       |     1 |     3 |     1 |     1 |     1 ||     7
       Distracted        |       |       |       |     2 |     3 |     2 |       ||     7
       Paralysed         |       |       |       |       |       |     3 |       ||     3
  Eat: Chunk             |     4 |     8 |     7 |    34 |    39 |    34 |    29 ||   155
       Ration            |       |     1 |     3 |     5 |    11 |    27 |     8 ||    55
Armor: Skin              |    11 |    34 |    55 |   190 |   408 |   555 |   195 ||  1448
Dodge: Dodged            |    46 |    70 |   150 |   354 |   882 |  1329 |   543 ||  3374
Block: Buckler           |       |       |       |    83 |   210 |   295 |   163 ||   751
       Reflection        |       |       |       |       |     4 |    15 |       ||    19
       Rpst.: Long sword |       |       |       |     7 |       |       |       ||     7
       Double sword      |       |       |       |    53 |   183 |   245 |    95 ||   576
       Scimitar          |       |       |       |       |     1 |       |       ||     1
